← All builds
Front / Armada / Economy first / OBSERVED BUILD

Standard front

Armada Front build order · Supreme Isthmus

Standard economy-first Front play: Bot Lab and Vehicle Plant up immediately, units trickle to the coast and middle, with an Advanced Metal Extractor around 9:00 as the eco transition.

#eco · 1700 distinct matches · 248 players · 74% of Armada Front games · team won 61% of 1994 · Recently observed

HOW TO PLAY IT

Key timing: T2 constructor by 7:43

  1. Open mex and wind, drop Bot Lab and Vehicle Plant almost immediately.
  2. Pump Blitz, Rocketeer and Pawn to the coast to stop leaks first.
  3. Add Centurion and Janus once first units are moving up.
  4. Form units into a line pushing toward middle as numbers grow.
  5. Upgrade to Advanced Metal Extractor as the economy transition kicks in.

Phase by phase

TYPICAL OF ITS 1700 GAMES
  1. 1
  2. 2
  3. 3
PLAY THE OPENING

Follow the example game's first 6:00 step by step: what to build now, what comes next, and where it goes. At 1× it keeps pace with your own game.

  1. 1

    Up to the Bot Lab

    Economy
    • Metal Extractor2Mex
    Order
    1. Bot LabBot Lab after 2 mex, 1 winddone ~0:44, middle half 0:33–0:56

    Some games also: wind (48%) · Vehicle Plant (35%)

    By 0:28 in all: 2 mex

    The example game in this phase · 79 steps
    1. Mex ×2
    2. Wind ×2
    3. Vehicle PlantVehicle Plantdone 0:48 · typical 0:47
    4. RoverScout
    5. Mex
    6. RoverScout ×4
    7. Mex
    8. RoverScout
    9. Construction VehicleCon vehicle
    10. SentrySentry
    11. Mex
    12. Construction VehicleCon vehicle
    13. JanusJanus
    14. Mex
    15. JanusJanus ×2
    16. SentrySentry
    17. Construction VehicleCon vehicle
    18. SentrySentry
    19. Wind
    20. JanusJanus
    21. Wind
    22. SentrySentry
    23. Wind
    24. RoverScout
    25. JanusJanus
    26. Wind
    27. JanusJanus
    28. RoverScout
    29. BlitzBlitz ×10
    30. RoverScout
    31. BlitzBlitz ×4
    32. RoverScout
    33. BlitzBlitz
    34. JanusJanus ×2
    35. Construction VehicleCon vehicle
    36. Mex
    37. JanusJanus
    38. Wind ×2
    39. JanusJanus
    40. Wind ×2
    41. Mex
    42. BlitzBlitz
    43. Wind
    44. RoverScout
    45. BlitzBlitz
    46. Wind
    47. BlitzBlitz
    48. Wind
    49. Sneaky PeteSneaky Pete
    50. Wind
    51. BlitzBlitz
    52. RoverScout
    53. BlitzBlitz ×10
    54. RoverScout
    55. BeamerBeamer
    56. BlitzBlitz
    57. Construction VehicleCon vehicle
    58. Advanced Metal ExtractorT2 mexdone 9:55 · typical 9:00
    59. Construction VehicleCon vehicle
    60. RoverScout
    61. BlitzBlitz
    62. Advanced Metal ExtractorT2 mex
    63. RoverScout
    64. BlitzBlitz
    65. Advanced Metal ExtractorT2 mex
    66. BlitzBlitz
    67. Construction VehicleCon vehicle
    68. Advanced Metal ExtractorT2 mex
    69. Construction VehicleCon vehicle ×2
    70. Advanced Metal ExtractorT2 mex
    71. Wind ×3
    72. Cloakable Fusion ReactorCloakable Fusion Reactordone 14:03
    73. Wind
    74. BlitzBlitz ×2
    75. Wind
    76. BlitzBlitz ×3
    77. RoverScout
    78. BlitzBlitz ×4
    79. Bot LabBot Labnot finished by 15:00 · typical 0:44
  2. 2

    Bot Lab to 5:00

    Economy
    • Metal Extractor4Mex
    • Wind Turbine3Wind
    Builders
    • Construction Bot1 Con bot
    Army
    • Sentry1 Sentry
    • Rocketeer6 Rocketeer

    Some games also: Lazarus (49%) · tick (46%) · centurion (40%) · con vehicle (32%) · janus (32%)

    By 5:00 in all: 6 mex · 6 wind

  3. 3

    5:00 to 10:00

    Economy
    • Metal Extractor1Mex
    • Wind Turbine14Wind
    Builders
    • Construction Turret2 Con turret
    Army
    • Sentry1 Sentry

    Some games also: rocketeer (45%) · energy storage (43%) · Lazarus (38%) · con bot (37%) · Radar Tower (36%)

    By 10:00 in all: 7 mex · 24 wind · 1 energy storage · 3 con turret

    The example game in this phase · 5 steps
    1. BlitzBlitz
    2. Advanced Radar TowerAdvanced Radar Tower
    3. BlitzBlitz ×5
    4. PulsarPulsarnot finished by 15:00
    5. BlitzBlitz ×2

Counts are medians over the build's games: half of them build more, half fewer. The example game is [Crd]HahnII's (32 OS, 06/10/2026); pick another.

Team trades

IN AT LEAST 30% OF ITS GAMES

You hand over

Nothing regular.

You get

  • Tidal Generator4 Tidal from Pondfirst at 0:17 · in 68% of games
  • Advanced Construction Bot1 T2 con bot from Geo or Techfirst at 7:24 · in 64% of games

How it plays out

Typical game of this build, running totals by minute

Metal produced

010k20k30k
0:005:0010:0015:00

metal

Enemy metal destroyed

05k10k
0:005:0010:0015:00

metal

Own metal lost

05k10k
0:005:0010:0015:00

metal

1994 games.

Show as table
ByMetal produced: This buildEnemy metal destroyed: This buildOwn metal lost: This build
1:0033300
2:008402131
3:001618135108
4:002700522333
5:0038471128787
6:00503519281428
7:00625027202303
8:00753535463173
9:00897343304071
10:001054250114810
11:001237555405548
12:001452859986409
13:001685964707001
14:001921771867827
15:002184978708694
WHAT THE NUMBERS SAY

Standard Front play wins more often than Suicide front and produces more metal by 15:00 while losing less of it.

  • + Metal produced reaches 22627 by 15:00, well above Suicide front's 20142.
  • + Own metal lost is 8944 by 15:00, lower than enemy metal destroyed ratio of Suicide front.
  • − First unit lost already at 1:43, showing exposure despite the safer position.
  • − Blitz dominates army share at 25%, leaving fewer Centurion for anti-swarm.
THE EXAMPLE YOU ARE READING

[Crd]HahnII

31.8 OS · 06/10/2026

Open source match ↗

4 received units · includes a constructor
54 metal received · 8256 energy received

Allied construction assistance is unknown. Timings are observations, not a promise of solo reproducibility.

Typical milestones

Bot Lab0:44Middle 50%: 0:33–0:56 · n=1332
Vehicle Plant0:47Middle 50%: 0:41–1:13 · n=1286
Advanced Metal Extractor9:00Middle 50%: 8:09–10:15 · n=1564

Played most by

haaven107games of this buildHummell107games of this buildLeohvm93games of this buildTheGeneraI75games of this buildXad69games of this build